 Dungeon Crawl Stone Soup version 0.32-a0-422-g28b100f618 (webtiles) character file.

Game seed: 16841389337957005477

956 sanka the Toxicologist (level 8, 0/52 HPs)
             Began as a Merfolk Alchemist on Feb 21, 2024.
             Killed from afar by Dowan (8 damage)
             ... with a puff of flame
             ... on level 4 of the Dungeon.
             The game lasted 00:07:15 (4836 turns).

sanka the Toxicologist (Merfolk Alchemist)          Turns: 4836, Time: 00:07:15

Health: 0/52       AC:  5    Str:  8    XL:     8   Next: 14%
Magic:  0/11       EV: 12    Int: 16    God:
Gold:   108        SH:  0    Dex: 15    Spells: 3/12 levels left

rFire   . . .        n - +0 quarterstaff
rCold   . . .        (shield currently unavailable)
rNeg    . . .        s - +2 robe
rPois   .            k - +0 helmet
rElec   .            (no cloak)
rCorr   .            (no gloves)
SInv    .            (no boots)
Will    +....        (no amulet)
Stlth   ++           (no ring)
HPRegen 0.28/turn    l - ring of willpower
MPRegen 0.12/turn

%: no passive effects
@: lethally poisoned (0 -> -8), very slightly contaminated
A: (nimble swimmer 2), mertail
a: no special abilities


You were on level 4 of the Dungeon.
You visited 1 branch of the dungeon, and saw 4 of its levels.

You collected 108 gold pieces.


Innate Abilities, Weirdness & Mutations

((You are very nimble when in or above water. (Stealth+, EV+, Speed+++)))
Your lower body shifts to a powerful aquatic tail in water.


   Skills:
 - Level 2.6 Dodging
 - Level 2.1 Stealth
 + Level 2.5 Spellcasting
 - Level 1.0 Conjurations
 - Level 4.0 Fire Magic
 - Level 10.0 Alchemy


You had 3 spell levels left.
You knew the following spells:

 Your Spells              Type           Power      Damage    Failure   Level
x - Sticky Flame          Fire/Alch      24%        2d6       11%         4
z - Sting                 Conj/Alch      76%        1d7       1%          1
X - Olgreb's Toxic Radia  Alch           34%        N/A       3%          4

Your spell library contained the following spells:

 Spells                   Type           Power      Damage    Failure   Level
 Mercury Vapours          Alch/Air       36%        N/A       3%          2
 Mephitic Cloud           Conj/Alch/Air  13%        N/A       13%         3
 Momentum Strike          Conj/Tloc      6%         3d8       24%         2
 Blink                    Tloc           4%         N/A       30%         2
 Lesser Beckoning         Tloc           4%         N/A       30%         2

Inventory:

Hand Weapons
 f - a +0 short sword
 n - a +0 quarterstaff (weapon)
Armour
 k - a +0 helmet (worn)
 s - a +2 robe (worn)
Jewellery
 l - a ring of willpower (right hand)
Wands
 o - a wand of mindburst (30)
 r - a wand of digging (1)
Scrolls
 d - 2 scrolls of teleportation {unknown}
 i - 4 scrolls of identify {unknown}
 j - a scroll of fog {unknown}
Potions
 b - a potion of magic
 c - a potion of curing {unknown}
 e - a potion of invisibility {unknown}
 g - a potion of heal wounds {unknown}
 h - a potion of lignification {unknown}
 m - a potion of brilliance {unknown}
 p - a potion of resistance {unknown}
 q - a potion of haste {unknown}

Dungeon Overview and Level Annotations

Branches:
Dungeon (4/15)
 Temple: D:4-7

Altars:
Gozag
The Shining One

Shops:
D:1 [

Annotations:
D:4 Dowan, Duvessa

▒▒▒▒▒.▒ ▒▒▒▒▒▒▒.▒▒▒.....▒▒ ▒
▒▒▒▒▒[▒▒▒▒▒▒▒▒÷..÷.......▒▒.▒
....[)......................▒
▒▒▒▒▒......▒▒...............▒
▒▒▒▒▒▒[▒▒▒..▒▒▒▒.▒.▒▒...▒
▒.▒▒▒..▒▒.▒'.▒▒▒...▒
▒.▒....▒▒......▒.....
▒.▒....▒▒e.....▒..▒▒▒▒
▒.▒....m.e._$.'...▒
▒.▒▒...▒▒.....▒...▒
▒.▒▒▒..▒......▒▒..▒ ▒.▒
▒..▒▒..'.▒.▒)... ▒.▒
▒..▒▒▒▒.▒▒▒▒...▒▒
...............▒
▒...............▒▒▒▒▒
▒..▒▒.▒...▒▒▒.......▒ ......
▒▒▒▒▒▒▒..


You could see Duvessa (very poisoned) and Dowan.


Message History

You see here 9 gold pieces.
Unknown command.
There is a glowing golden altar of the Shining One here.
Dowan looks more healthy.
Aiming: Sticky Flame (dangerous; 11% risk of failure)
Press: ? - help, Shift-Dir - straight line, f/p - Duvessa
Aim: Duvessa, wielding a +0 rapier, wearing a +0 leather armour and quivering stones (severely wounded, very poisoned)
You miscast Sticky Flame.
You are very lightly contaminated with residual magic.
Mercury flows from your hands.
You are poisoned.
You feel very sick. Dowan hits you with a +0 mace.
* * * LOW HITPOINT WARNING * * *
Duvessa hits you with a +0 rapier.
* * * LOW HITPOINT WARNING * * *
* * * LOW HITPOINT WARNING * * *
You feel very sick. Duvessa attacks as she pursues you!
Duvessa hits you with a +0 rapier.
* * * LOW HITPOINT WARNING * * *
Unknown command.
* * * LOW HITPOINT WARNING * * *
You feel very sick.
Unknown command.
* * * LOW HITPOINT WARNING * * *
You feel sick.
Dowan points at you and mumbles some strange words.
The puff of flame hits you!
You die...

Action                     |  1- 3 |  4- 6 |  7- 9 || total
---------------------------+-------+-------+-------++-------
  Melee: Unarmed           |    29 |       |       ||    29
         Short sword       |       |    13 |       ||    13
         Quarterstaff      |       |    14 |    27 ||    41
   Cast: Sting             |    67 |    80 |     7 ||   154
         Olgreb's Toxic Ra |       |     7 |     3 ||    10
         Sticky Flame      |       |     1 |     1 ||     2
 Armour: Robe              |    20 |    39 |    29 ||    88
  Dodge: Dodged            |    32 |    28 |    21 ||    81

Levels and vault maps discovered:
D:1:      lightli_arrival_flooded_house, layout_loops_ring, serial_shops, shop,
          minmay_worlds_worst_comb
D:2:      layout_loops_ring, uniq_robin
D:3:      layout_loops_ring, kennysheep_flooded_box
D:4:      layout_loops_ring, pdpol_temple_overflow_zin_treasury_gozag_greed,
          nicolae_tso_besieged_by_evil, minivault_27, uniq_menkaure,
          uniq_duvessa, uniq_pikel, uniq_ijyb

Notes
Turn   | Place    | Note
-------+----------+-------------------------------------------
     0 | D:1      | sanka the Merfolk Alchemist began the quest for the Orb.
     0 | D:1      | Reached XP level 1. HP: 13/13 MP: 3/3
    22 | D:1      | Reached skill level 1 in Conjurations
   176 | D:1      | Reached XP level 2. HP: 19/19 MP: 3/5
   253 | D:1      | Reached skill level 5 in Alchemy
   438 | D:1      | Reached XP level 3. HP: 7/24 MP: 0/6
   633 | D:1      | Found Zymomu's Antique Armour Boutique.
  1035 | D:1      | Reached skill level 6 in Alchemy
  1365 | D:2      | Reached XP level 4. HP: 27/30 MP: 3/7
  1543 | D:2      | Noticed Robin
  1619 | D:1      | Learned a level 4 spell: Olgreb's Toxic Radiance
  1996 | D:2      | Killed Robin
  2096 | D:2      | Reached skill level 7 in Alchemy
  2596 | D:3      | Reached XP level 5. HP: 35/35 MP: 6/8
  3488 | D:4      | Reached skill level 8 in Alchemy
  3655 | D:4      | Noticed Ijyb
  3667 | D:4      | Killed Ijyb
  3747 | D:4      | Reached XP level 6. HP: 36/41 MP: 2/9
  3847 | D:4      | Reached skill level 9 in Alchemy
  3891 | D:4      | Found a glowing golden altar of the Shining One.
  3892 | D:4      | Noticed Duvessa
  3893 | D:4      | Noticed Dowan
  4150 | D:4      | Noticed Menkaure
  4165 | D:4      | Learned a level 4 spell: Sticky Flame
  4169 | D:4      | Killed Menkaure
  4245 | D:4      | Found an opulent altar of Gozag.
  4283 | D:4      | Reached skill level 10 in Alchemy
  4283 | D:4      | Reached XP level 7. HP: 30/46 MP: 1/10
  4385 | D:4      | Reached skill level 1 in Fire Magic
  4545 | D:4      | Noticed Pikel
  4562 | D:4      | Killed Pikel
  4563 | D:4      | Reached skill level 4 in Fire Magic
  4563 | D:4      | Reached XP level 8. HP: 39/52 MP: 1/11
  4836 | D:4      | Killed from afar by Dowan

Vanquished Creatures
  Pikel (D:4)
  Menkaure (D:4)
  2 lemures (D:4)
  2 scorpions (D:4)
  A jelly (D:4)
  Ijyb (D:4)
  Robin (D:2)
  4 adders
  A white imp (D:3)
  A ribbon worm (D:3)
  A dart slug (D:3)
  6 orcs
  4 bats
  11 endoplasms
  2 giant cockroaches (D:1)
  14 goblins
  5 hobgoblins
  2 jackals (D:1)
  4 quokkas
  9 ball pythons
  7 frilled lizards
  2 goblin skeletons (D:4)
  A hobgoblin zombie (D:4)
  6 kobolds
  A kobold skeleton (D:4)
  4 kobold zombies (D:4)
  3 rats
97 creatures vanquished.
